 Dungeon Crawl Stone Soup version 0.29-a0-119-g4040846114 (webtiles) character file.

Game seed: 2961637026413878670

23 drugrobin the Grasshopper (level 2, 0/24 HPs)
             Began as a Demigod Warper on Feb 20, 2022.
             Frozen to death by an endoplasm (4 damage)
             ... on level 2 of the Dungeon.
             The game lasted 00:02:39 (844 turns).

drugrobin the Grasshopper (Demigod Warper)           Turns: 844, Time: 00:02:40

Health: 0/24       AC:  6    Str: 15    XL:     2   Next: 54%
Magic:  7/7        EV: 11    Int: 15    God:
Gold:   54         SH:  0    Dex: 13    Spells: 1/4 levels left

rFire   . . .      SeeInvis .   a - +0 spear
rCold   . . .      Faith    .   (no shield)
rNeg    . . .      Spirit   .   b - +0 leather armour
rPois   .          Reflect  .   (no helmet)
rElec   .          Harm     .   (no cloak)
rCorr   .          Rampage  .   l - +2 pair of gloves {Str+3}
Will    .....                   (no boots)
Stlth   +.........              (no amulet)
HPRegen 0.08/turn               (no ring)
MPRegen 0.10/turn               (no ring)

@: lethally poisoned (0 -> -1)
A: high MP 1, forlorn, divine attributes
a: no special abilities


You were on level 2 of the Dungeon.
You visited 1 branch of the dungeon, and saw 2 of its levels.

You collected 54 gold pieces.

Inventory:

Hand Weapons
 a - a +0 spear (weapon)
Missiles
 d - 5 boomerangs of dispersal
 e - 53 stones (quivered)
Armour
 b - a +0 leather armour (worn)
 l - a +2 pair of gloves of strength (worn)
Jewellery
 m - a +4 ring of protection
Scrolls
 g - a scroll of noise {unknown}
Potions
 f - a potion of haste {unknown}
 h - a potion of resistance {unknown}
 i - a potion of curing {unknown}
 j - a potion of mutation {unknown}
 k - a potion of heal wounds {unknown}


   Skills:
 + Level 2.2 Fighting
 - Level 2.1 Polearms
 - Level 0.8 Throwing
 - Level 0.8 Armour
 - Level 1.7 Dodging
 + Level 0.3 Unarmed Combat
 - Level 1.7 Spellcasting
 + Level 3.0 Translocations


You had one spell level left.
You knew the following spells:

 Your Spells              Type           Power      Damage    Failure   Level
a - Blink                 Tloc           20%        N/A       12%         2
b - Beastly Appendage     Tmut           2%         N/A       28%         1

Your spell library contained the following spells:

 Spells                   Type           Power      Damage    Failure   Level
 Gell's Gravitas          Tloc           10%        N/A       24%         3
 Lesser Beckoning         Tloc           10%        N/A       24%         3
 Teleport Other           Tloc           10%        N/A       24%         3
 Wereblood                Tmut           1%         N/A       38%         2
 Spider Form              Tmut/Pois      1%         N/A       63%         3
 Summon Guardian Golem    Hex/Summ       1%         N/A       63%         3
 Manifold Assault         Tloc           10%        N/A       91%         5
 Petrify                  Tmut/Erth      1%         N/A       95%         4
 Metabolic Englaciation   Hex/Ice        0%         N/A       100%        5
 Statue Form              Tmut/Erth      0%         N/A       100%        6
 Orb of Destruction       Conj           0%         9d5       100%        7
 Spellforged Servitor     Conj/Summ      0%         N/A       100%        7


Dungeon Overview and Level Annotations

Branches:
Dungeon (2/15)

Annotations:
D:2 Jessica


Innate Abilities, Weirdness & Mutations

You have an increased reservoir of magic. (+10% MP)
You shall have no god before yourself.
Your divine heritage dramatically boosts your attributes as you level up.


Message History

The rat twitches its whiskers.
The rat barely misses you.
Jessica looks very angry.
Jessica hits you but does no damage.
You are poisoned.
Unknown command.
Unknown command.
Unknown command.
Unknown command.
Blink to where?
Press: ? - help, Dir - move target An endoplasm comes into view.
Found a scroll labelled VOT EXTAIN and a leather armour.
Found a stone staircase leading up.
As you read the scroll of blinking, it crumbles to dust.
You feel very sick.
Jessica gestures wildly while chanting.
Jessica blinks!
Unknown command.
Okay, then.
You feel sick.
The endoplasm quivers.
Found a stone staircase leading up.
You feel sick. The endoplasm freezes you.
You are frozen.
The endoplasm freezes you.
You are frozen.
A hobgoblin comes into view.
You feel sick.
The hobgoblin shouts!
A kobold comes into view. It is wielding a +0 short sword.
The endoplasm hits you.
* * * LOW HITPOINT WARNING * * *
Unknown command.
Unknown command.
You feel yourself speed up.
You feel sick. The endoplasm freezes you.
You are frozen.
You die...

....... ## ...... .# #.
.<...# .# #. #..<.. .# #.
.....# . .#
#.####K.#.#... .#
#............ .#
###...J@.# .#
#.......[#... .#
#.#.......?.g.
.#########.#.r.........
.....ยง.....r.###.###.#..
......r....#.# ..# .# .
...........#.. ... .
...........### ##.. .
...........# ...


You could see an endoplasm, a kobold and 2 rats.

Vanquished Creatures
  4 bats (D:1)
  3 endoplasms (D:1)
  A giant cockroach (D:2)
  2 goblins
  3 hobgoblins (D:1)
  3 jackals (D:1)
  A ball python (D:1)
  A kobold (D:2)
  A rat (D:1)
19 creatures vanquished.

Notes
Turn   | Place    | Note
-------+----------+-------------------------------------------
     0 | D:1      | drugrobin the Demigod Warper began the quest for the Orb.
     0 | D:1      | Reached XP level 1. HP: 17/17 MP: 5/5
   167 | D:1      | Reached XP level 2. HP: 6/24 MP: 7/7
   394 | D:1      | Learned a level 2 spell: Blink
   519 | D:1      | Reached skill level 3 in Translocations
   602 | D:1      | Learned a level 1 spell: Beastly Appendage
   777 | D:1      | You fall into a shaft and drop 1 floor!
   829 | D:2      | Noticed Jessica
   844 | D:2      | Frozen to death by an endoplasm

Illustrated notes

Levels and vault maps discovered:
D:1:      matt_arrival_los_fun, layout_rooms, chequers_ecumenical_altar_simple
D:2:      layout_basic, eino_tiny_chamber, uniq_jessica

Skill      XL: |  1  2 |
---------------+-------+-----
Fighting       | 2 |  2.2
Polearms       | 2 |  2.1
Translocations | 3 |  3.0
Throwing       | |  0.8
Armour         | |  0.8
Dodging        | |  1.7
Unarmed Combat | |  0.3
Spellcasting   | |  1.7

Action                   || total
-------------------------++-------
Melee: Spear             ||    90
  Use: Scroll            ||     1
Armor: Leather armour    ||    23
Dodge: Dodged            ||    43

Table legend: (Time is in decaauts)
 A = Elapsed time spent in this place.
 B = Non-inter-level travel time spent in this place.
 C = Inter-level travel time spent in this place.
 D = Time resting spent in this place.
 E = Time spent auto-exploring this place.
 F = Levels seen in this place.
 G = Mean time per level.
                   A        B        C        D        E       F      G
               +--------+--------+--------+--------+--------+-----+--------+
         Total |    847 |    847 |      0 |    253 |    345 |   2 |  423.5 |
       Dungeon |    847 |    847 |      0 |    253 |    345 |   2 |  423.5 |
               +--------+--------+--------+--------+--------+-----+--------+

Top non-repeatable levels by time:
     D:1: 775 daAuts
     D:2: 71 daAuts
